 Dungeon Crawl Stone Soup version 0.25-a0-549-g6e6e650 (webtiles) character file.

Game seed: 3792112695684733036, levelgen mode: deterministic

149 wolfsongas the Covered (level 5, -1/43 HPs)
             Began as a Minotaur Fighter on Feb 23, 2020.
             Was an Initiate of Okawaru.
             Succumbed to an orc's poison
             ... on level 2 of the Dungeon.
             The game lasted 00:02:24 (991 turns).

wolfsongas the Covered (Minotaur Fighter)            Turns: 991, Time: 00:02:24

Health: -1/43      AC: 13    Str: 25    XL:     5   Next: 9%
Magic:  1/4        EV:  8    Int: 10    God:    Okawaru [......]
Gold:   62         SH: 10    Dex: 11    Spells: 4/4 levels left

rFire    . . .     SeeInvis .   a - +1 war axe
rCold    . . .     Gourm    .   c - +0 kite shield
rNeg     . . .     Faith    .   l - +1 plate armour
rPois    .         Spirit   +   (helmet unavailable)
rElec    .         Reflect  .   k - scarf {Spirit}
rCorr    .         Harm     .   (no gloves)
MR       .....                  (no boots)
Stlth    ..........             (no amulet)
HPRegen  0.14/turn              e - +4 ring of evasion
MPRegen  0.09/turn              m - ring of flight

@: mighty, brilliant, lethally poisoned (-1 -> -10)
A: retaliatory headbutt, fangs 1, horns 3, frail 1
a: Renounce Religion, Evoke Flight


You were on level 2 of the Dungeon.
You worshipped Okawaru.
Okawaru was noncommittal.
You were hungry.

You visited 1 branch of the dungeon, and saw 2 of its levels.

You collected 62 gold pieces.

Inventory:

Hand Weapons
 a - a +1 war axe (weapon)
Armour
 b - a +0 scale mail
 c - a +0 kite shield (worn)
 k - a scarf of spirit shield (worn)
 l - a +1 plate armour (worn)
Jewellery
 e - a +4 ring of evasion (left hand)
 m - a ring of flight (right hand)
Potions
 j - a potion of magic
Comestibles
 f - 5 rations
 g - 5 chunks of flesh


   Skills:
 + Level 5.0 Fighting
 + Level 4.2 Axes
 + Level 5.0 Armour
 - Level 3.6 Shields


You had 4 spell levels left.
You didn't know any spells.
Your spell library was empty.

Dungeon Overview and Level Annotations

Branches:
Dungeon (2/15)

Altars:
Okawaru
Zin


Innate Abilities, Weirdness & Mutations

You reflexively headbutt those who attack you in melee.
You have a pair of large horns on your head.
You have very sharp teeth.
You are frail. (-10% HP)


Message History

* * * LOW HITPOINT WARNING * * *
You aren't carrying any scrolls.
Okay, then.
You are feeling hungry.
You slash the orc!
You kill the orc!
Okawaru accepts your kill.
You closely miss the orc. You slash the orc!
You kill the orc!
Okawaru accepts your kill. The orc closely misses you.
The orc hits you but does no damage.
You are lethally poisoned!
You slice the orc priest!!
You kill the orc priest!
Okawaru accepts your kill.
Your Fighting skill increases to level 5!
Your Armour skill increases to level 5!
You have reached level 5!
You closely miss the orc.
You die...

#.#########
#.#.#... #.
#...#### #.
#....... #.
#.###### #. #.#
#.############.#
#............#.#
#..#########...#
#...@)....###..#
#..o#)..#..##..#
#..........$#..#
#..........⌠#..#
#..........$#.##
##..#...#..##.#
#........###.#
#.########


You could see an orc.

Vanquished Creatures
  2 orc priests (D:2)
  3 adders (D:2)
  A gnoll (D:1)
  2 leopard geckos (D:1)
  4 orcs (D:2)
  7 bats
  2 giant cockroaches
  4 goblins
  6 hobgoblins
  5 kobolds
  2 quokkas (D:2)
  4 frilled lizards
  5 rats (D:1)
47 creatures vanquished.

Notes
Turn   | Place    | Note
-------+----------+-------------------------------------------
     0 | D:1      | wolfsongas the Minotaur Fighter began the quest for the
                  | Orb.
     0 | D:1      | Reached XP level 1. HP: 19/19 MP: 0/0
   123 | D:1      | Reached XP level 2. HP: 27/27 MP: 1/1
   338 | D:1      | Reached XP level 3. HP: 25/33 MP: 2/2
   776 | D:2      | Found a glowing silver altar of Zin.
   776 | D:2      | Noticed an angel
   799 | D:2      | Reached XP level 4. HP: 41/41 MP: 3/3
   800 | D:2      | Gained mutation: Armour fits poorly on your strangely
                  | shaped body. [potion of mutation]
   800 | D:2      | Gained mutation: Your body sometimes deteriorates upon
                  | taking damage. [potion of mutation]
   800 | D:2      | Gained mutation: Your muscles are strong. (Str +2) [potion
                  | of mutation]
   800 | D:2      | Gained mutation: You are resistant to hostile enchantments.
                  | (MR+) [potion of mutation]
   801 | D:2      | Lost mutation: Your body sometimes deteriorates upon taking
                  | damage. [potion of mutation]
   801 | D:2      | Lost mutation: Your muscles are strong. (Str +2) [potion of
                  | mutation]
   801 | D:2      | Lost mutation: You are resistant to hostile enchantments.
                  | (MR+) [potion of mutation]
   801 | D:2      | Lost mutation: Armour fits poorly on your strangely shaped
                  | body. [potion of mutation]
   801 | D:2      | Gained mutation: You are frail. (-10% HP) [potion of
                  | mutation]
   801 | D:2      | Gained mutation: You have a pair of large horns on your
                  | head. [potion of mutation]
   801 | D:2      | Gained mutation: You have very sharp teeth. [potion of
                  | mutation]
   895 | D:2      | Found an iron altar of Okawaru.
   930 | D:2      | Became a worshipper of Warmaster Okawaru
   989 | D:2      | HP: 1/36 [orc/+0 dagger (2)]
   991 | D:2      | Reached skill level 5 in Fighting
   991 | D:2      | Reached skill level 5 in Armour
   991 | D:2      | Reached XP level 5. HP: 1/43 MP: 0/4
   991 | D:2      | Succumbed to an orc's poison

Levels and vault maps discovered:
D:1:      mrwooster_arrival_statue_3, layout_loops_ring
D:2:      cheibrodos_pilgrimage, layout_basic, lemuel_round_altar, zin_angel

Skill      XL: |  1  2  3  4 |
---------------+-------------+-----
Armour         | 4 5 |  5.0
Fighting       | 4 5 |  5.0
Axes           | 3 4 |  4.2
Shields        | |  3.6

Action                   |  1- 3 |  4- 6 || total
-------------------------+-------+-------++-------
Melee: War axe           |    93 |    10 ||   103
       Headbutt          |    12 |     2 ||    14
       Bite              |       |     1 ||     1
  Use: Scroll            |     3 |     1 ||     4
       Potion            |       |     6 ||     6
Armor: Scale mail        |    17 |       ||    17
       Plate armour      |    28 |     4 ||    32
Dodge: Dodged            |    38 |     7 ||    45
Block: Kite shield       |    54 |     8 ||    62

Table legend:
 A = Non-vault XP
 B = Vault XP
 C = Vault XP percentage of total XP
 D = Non-vault monster count
 E = Vault monster count
 F = Vault count percentage of total count
                 A         B        C        D         E       F
            +---------+---------+-------+---------+---------+-------
      Total |     116 |      97 |  45.5 |      41 |       6 |  12.8
            +---------+---------+-------+---------+---------+-------
        D:1 |      47 |       0 |   0.0 |      21 |       0 |   0.0
        D:2 |      69 |      97 |  58.4 |      20 |       6 |  23.1
            +---------+---------+-------+---------+---------+-------
